Unix NetHack Version 5.0.0-0 post-release - last build Jun 10 2026 00:39:30 (3ee93aec679c4c4259841fe613dc97188e26a321,branch:main).

Game began 2026-06-03 23:49:39, ended 2026-06-12 01:21:34.

BaeHund, chaotic female elven Ranger

                                   ---------
                                   |.......|
            -----                  |..%....|                  -----
       5  5  1..|                  |..._...|                  |...
     ---------..--                 |...%...|           ---   --..---------
    5|.....@a|..4-- --...       |  |.......|  |       ...-- --...|.......|
     |.a...%.|.14.---.....      |. ----%---- .|      .....---/...|.......|
     |...@@..%@.@.A.A..&....    |.............|     ....%%.-...%.-..._...|
    5|..a.%A.|....---.......    ---.........---    .%....%---....|.......|
    4|a..Naa%|...-- --......      -----.-----      ......-- --.).|.......|
    5---------..--   ----%--        .......-       --.----   --..---------
          441...|      -...-------  . .% ... -------...---    |...
            -----      ..........| .....%... |............    -----
                  |   ......... .--..%%%....--......%.%...
                   . .......%.....--. .....--............
                  |.............. .----?----...%........
                  |..............%.%..%%)%.)....%.......
                  ----- --     -------------------------
BaeHund the Markswoman       St:25 Dx:18 Co:16 In:15 Wi:18 Ch:11  Chaotic
Astral Plane $:100002 HP:210(395) Pw:228(228) AC:-39 Xp:30 T:38786  Stressed

Latest messages:
 The high priestess of Mars looks better.
 The soldier ant turns to flee.
 The fire ant turns to flee.
 You hear a distant zap.
 The Angel of Venus swings her long sword at the soldier ant.
 The Angel of Venus hits the soldier ant.
 The soldier ant is killed!
 You hear a mumbled curse.
 You hear a chugging sound.
 The priest of Mercury casts a spell!
 The priest of Mercury looks better.
 The high priestess of Mars swings her mace at the giant ant.
 The high priestess of Mars hits the giant ant.
 The giant ant is killed!
 The high priestess of Mars swings her mace.
 The high priestess of Mars hits!
 The high priestess of Mars kicks!
 The high priestess of Mars points all around, then curses.
 The high priestess of Mars points all around, then curses.
 The high priestess of Mars swings her mace.
 The high priestess of Mars just misses!
 The high priestess of Mars kicks!
 The high priestess of Mars points all around, then curses.
 The high priestess of Mars points all around, then curses.
 What do you want to use or apply? [bhlns-uyGILNSTVXY or ?*] b
 You have trouble removing 100000 gold pieces.  Continue? [ynq] (q) y
 You have trouble removing $ - 100000 gold pieces (100002 in total).
 You rebalance your load.  Movement is difficult.
 The fire ant turns to flee.
 The Angel of Venus swings her long sword at the giant ant.
 The Angel of Venus hits the giant ant.
 The Angel of Venus swings her long sword at the giant ant.
 The Angel of Venus hits the giant ant.
 The giant ant is killed!
 You hear a renegade priestess of Mars reading a scroll of create monster.
 A guardian naga suddenly appears close by!
 The high priestess of Mars casts a spell!
 The high priestess of Mars looks better.
 What do you want to sacrifice? [z or ?*] ?
 You offer the Amulet of Yendor to Mars...
 An invisible choir sings, and you are bathed in radiance...
 The voice of Mars rings out: "Mortal, thou hast done well!"
 "In return for thy service, I grant thee the gift of Immortality!"
 You ascend to the status of Demigoddess...
 Do you want your possessions identified? [ynq] (y) y
 Do you want to see your attributes? [ynq] (y) y
 Do you want an account of creatures vanquished? [ynaq] (y) y
 Do you want a list of species genocided and extinct? [ynaq] (y) y
 Do you want to see your conduct and achievements? [ynq] (y) y
 Do you want to see the dungeon overview? [ynq] (y) y

Inventory:
 Coins    ('$')
  $ - 100002 gold pieces
 Amulets  ('"')
  g - an uncursed amulet of life saving (being worn)
 Weapons  (')')
  w - the +7 Grayswandir (weapon in right hand)
 Armor    ('[')
  B - a blessed +4 helm of caution (being worn)
  x - a blessed rustproof +4 pair of gauntlets of power (being worn)
  M - an uncursed fireproof +4 pair of water walking boots (being worn)
  q - an uncursed +4 shield of reflection (being worn)
  v - a blessed fireproof +4 cloak of magic resistance (being worn)
  d - an uncursed +5 Hawaiian shirt with a toucan motif (being worn)
  J - a blessed +4 blue dragon scale mail (being worn)
 Spellbooks  ('+')
  t - the uncursed Book of the Dead
 Rings    ('=')
  U - an uncursed ring of conflict (on right hand)
  R - an uncursed ring of free action (on left hand)
  o - an uncursed ring of levitation
  P - an uncursed +2 ring of protection
  O - an uncursed ring of slow digestion
 Wands    ('/')
  Y - a wand of death (0:2)
  h - a wand of death (0:0)
  u - a wand of death (0:0)
  X - a wand of death (0:0)
  L - a wand of digging (0:4)
  y - a wand of digging (0:2)
  n - a wand of stasis (0:2)
  V - a wand of teleportation (0:3)
  I - a wand of teleportation (0:0)
  T - a cursed wand of teleportation (0:4)
 Tools    ('(')
  b - a blessed bag of holding containing 44 items
  N - the Bell of Opening (0:2)
  l - an uncursed blindfold
  G - the cursed Candelabrum of Invocation (0 of 7 candles attached)
  S - an uncursed magic lamp (lit)
  s - a blessed +0 unicorn horn
 Gems/Stones  ('*')
  p - a blessed luckstone

Contents of the bag of holding:
  an uncursed amulet of life saving
  the blessed +0 Longbow of Diana
  the fireproof +6 Sting
  the +1 Werebane
  8 uncursed food rations
  an uncursed lizard corpse
  an uncursed scroll of blank paper
  2 cursed scrolls of destroy armor
  2 blessed scrolls of enchant armor
  2 blessed scrolls of enchant weapon
  3 uncursed scrolls of enchant weapon
  an uncursed scroll of fire
  a blessed scroll of genocide
  4 blessed scrolls of identify
  2 cursed scrolls of identify
  a blessed scroll of light
  a cursed scroll of light
  3 uncursed scrolls of scare monster
  a blessed scroll of teleportation
  an uncursed scroll of teleportation
  2 cursed scrolls of teleportation
  an uncursed potion of blindness
  an uncursed potion of confusion
  an uncursed potion of fruit juice
  a blessed potion of hallucination
  an uncursed potion of hallucination
  an uncursed potion of levitation
  a cursed potion of levitation
  a cursed potion of monster detection
  a blessed potion of object detection
  2 uncursed potions of restore ability
  an uncursed potion of speed
  4 potions of holy water
  2 potions of unholy water
  a cursed ring of polymorph control
  an uncursed ring of sustain ability
  a wand of cold (0:8)
  a wand of cold (0:6)
  a wand of magic missile (0:7)
  a wand of polymorph (0:2)
  a wand of sleep (0:3)
  a wand of sleep (0:3)
  a wand of stasis (0:5)
  a cursed magic marker (0:16)

BaeHund the Ranger's attributes:

Background:
 You were a Markswoman, a level 30 female elven Ranger.
 You were chaotic, on a mission for Mars
 who was opposed by Mercury (lawful) and Venus (neutral).
 You were right-handed.
 You were in the endgame, on the Astral Plane.
 You entered the dungeon 38786 turns ago.
 It was nighttime.
 You had 100039974 experience points.

Basics:
 You had 210 out of 395 hit points.
 You had all 228 energy points (spell power).
 Your armor class was -39.
 Your wallet contained 100002 zorkmids.
 Autopickup was off.

Final Characteristics:
 Your strength was 25 (base:18, innate limit:18).
 Your dexterity was 18 (limit:18).
 Your constitution was 16 (limit:16).
 Your intelligence was 15 (limit:20).
 Your wisdom was 18 (limit:20).
 Your charisma was 11 (limit:18).

Final Status:
 You weren't hungry.
 You were stressed; movement was moderately slowed.
 You were wielding a saber.
 You had basic skill with saber.

Final Attributes:
 You were piously aligned.
 You were magic-protected.
 You were fire resistant.
 You were sleep resistant.
 You were disintegration resistant.
 You were shock resistant.
 Your items were protected from electric shocks.
 You were poison resistant.
 You resisted hallucinations.
 You saw invisible.
 You were telepathic.
 You were warned.
 You had automatic searching.
 You had infravision.
 You were invisible to others.
 You were stealthy.
 You caused conflict.
 You could walk on water.
 You had a small defense bonus (+5).
 You were warded.
 You were very fast.
 You had reflection.
 You had free action.
 Your life would have been saved.
 You were very lucky.
 You had extra luck.
 Good luck did not time out for you.
 You survived.

Miscellaneous:
 You encountered 3 bones levels.
 Total elapsed playing time was 13 hours, 14 minutes and 26 seconds.

Major events:
 Turn
    1: BaeHund the chaotic female elven Ranger entered the dungeon
  497: attained the rank of Lookout (level 3)
  855: found Grayswandir on the floor
 1075: entered the Gnomish Mines
 1402: was bestowed with Sting by Mars
 1619: attained the rank of Trailblazer (level 6)
 2263: reached Mine Town
 4880: made her first wish - "blessed +2 grey dragon scale mail", got "a gray dragon scale mail"
 6853: acquired the Mines' End luckstone
 9479: attained the rank of Reconnoiteress (level 10)
11133: entered Sokoban
11524: completed 1st Sokoban level
11837: completed 2nd Sokoban level
12227: completed 3rd Sokoban level
13038: completed 4th Sokoban level
13351: acquired the Sokoban amulet of reflection
14144: found the Orb of Fate on the floor
15606: entered the Bigroom
16425: was bestowed with Werebane by Mars
17405: entered Home 1, the Quest
20309: attained the rank of Scout (level 14)
20379: performed her first genocide (class h)
22131: killed Croesus
22876: Orion has granted access to proceed deeper into the quest
22921: entered Home 2, the Quest
23061: entered Home 3, the Quest
23257: entered Home 4, the Quest
23487: entered Home 5, the Quest
23866: entered Home 6, the Quest
23923: found the Longbow of Diana on the floor
23932: killed Scorpius
23933: acquired the Bell of Opening
24017: wished for "2 blessed scrolls of genocide", got "2 scrolls of genocide"
24018: genocided class L
24019: genocided class R
26009: killed Medusa
26778: entered Gehennom
27281: attained the rank of Arbalester (level 18)
27602: killed Juiblex
27819: killed Baalzebub
28410: wished for "cursed magic marker", got "a magic marker"
29937: wished for "cursed magic marker", got "a magic marker"
31062: read a Discworld novel
31329: attained the rank of Archer (level 22)
31352: attained the rank of Sharpshooter (level 26)
31551: wished for "cursed magic marker", got "a magic marker"
31605: attained the rank of Markswoman (level 30)
32222: killed Asmodeus
33404: destroyed Vlad the Impaler
33406: acquired the Candelabrum of Invocation
33959: killed Orcus
36184: killed the Wizard of Yendor
36190: acquired the Book of the Dead
36441: performed the invocation
36588: killed the high priest of Moloch
36590: acquired The Amulet of Yendor
36591: wished for "2 blessed scrolls of genocide", got "2 scrolls of genocide"
38383: entered the Elemental Planes
38383: entered Plane of Earth
38384: killed the Wizard of Yendor (2nd time)
38420: entered Plane of Air
38483: entered Plane of Fire
38516: entered Plane of Water
38519: genocided class ;
38558: killed the Wizard of Yendor (3rd time)
38666: entered the Astral Plane
38677: killed Famine
38695: Famine has been killed (2nd time)
38718: Death has been killed
38723: found Sunsword carried by a monster
38734: Death has been killed (2nd time)
38741: killed Famine (3rd time)
38757: found Grimtooth carried by a monster
38767: killed Pestilence
38769: killed Pestilence (2nd time)
38786: ascended

Spells:
 Name                 Level Category     Fail Retention
 confuse monster        1   enchantment  100%    1%-25%
 force bolt             1   attack       100%    1%-25%
 healing                1   healing      100%    (gone)
 knock                  1   matter       100%    (gone)
 light                  1   divination   100%    (gone)
 detect food            2   divination   100%    (gone)
 magic missile          2   attack       100%    (gone)
 slow monster           2   enchantment  100%   26%-50%
 wizard lock            2   matter       100%   26%-50%
 extra healing          3   healing      100%   26%-50%
 identify               3   divination   100%   17%-18%
 remove curse           3   clerical     100%    1%-25%
 sleep                  3   enchantment  100%   26%-50%
 invisibility           4   escape       100%   26%-50%
 levitation             4   escape       100%    1%-25%
 magic mapping          5   divination   100%    (gone)
 haste self             3   escape       100%   26%-50%
 detect treasure        4   divination   100%   43%-44%
 cure blindness         2   healing      100%   26%-50%
 detect monsters        1   divination   100%   61%-62%
 charm monster          5   enchantment  100%   51%-75%

Skills:
 Fighting Skills
   bare handed combat [Unskilled]
   riding             [Unskilled]
 Weapon Skills
   dagger             [Expert]
   knife              [Unskilled]
   axe                [Unskilled]
   pick-axe           [Unskilled]
   short sword        [Unskilled]
   saber              [Basic]
   morning star       [Unskilled]
   flail              [Unskilled]
   hammer             [Unskilled]
   quarterstaff       [Unskilled]
   polearms           [Unskilled]
   spear              [Unskilled]
   trident            [Unskilled]
   bow                [Skilled]
   sling              [Unskilled]
   crossbow           [Unskilled]
   dart               [Unskilled]
   shuriken           [Unskilled]
   boomerang          [Unskilled]
   whip               [Unskilled]
 Spellcasting Skills
   healing spells     [Unskilled]
   divination spells  [Expert]
   escape spells      [Unskilled]

Voluntary challenges:
 Character rerolling was not enabled.
 You genocided 19 types of monsters.
 You never changed form.
 You used 6 wishes.
 You did not wish for any artifacts.
 You did not violate any of the special Sokoban rules.
Achievements:
 You attained the rank of Lookout.
 You entered a shop.
 You entered the Gnomish Mines.
 You attained the rank of Trailblazer.
 You entered Minetown.
 You entered a temple.
 You completed the Gnomish Mines.
 You attained the rank of Reconnoiteress.
 You entered Sokoban.
 You completed Sokoban.
 You entered the Big Room.
 You attained the rank of Scout.
 You had the Bell of Opening.
 You defeated Medusa.
 You entered Gehennom.
 You attained the rank of Arbalester.
 You read from a Discworld novel.
 You attained the rank of Archer.
 You attained the rank of Sharpshooter.
 You attained the rank of Markswoman.
 You had the Candelabrum of Invocation.
 You had the Book of the Dead.
 You gained access to Moloch's Sanctum.
 You reached the Elemental Planes.
 You reached the Astral Plane.
 You delivered the Amulet of Yendor.
 You ascended!

 The Elemental Planes:
    Astral Plane: <- You are here.
       Many temples and many altars.
    Plane of Water:
    Plane of Fire:
    Plane of Air:
    Plane of Earth:
 The Dungeons of Doom: levels 1 to 26
    Level 1:
       A fountain.
       One way stairs up to The Elemental Planes.
    Level 2:
       A fountain.
    Level 3:
       A general store.
    Level 4:
       An altar to Mars, a fountain.
       Stairs down to The Gnomish Mines.
    Level 5: "fig of fire giant and MR cloak by downstairs"
       An armor shop, a fountain.
    Level 6:
       Some fountains.
    Level 7:
       A fountain.
    Level 8:
       Many fountains.
       Oracle of Delphi.
    Level 9:
       A fountain, a sink.
       Stairs up to Sokoban, level 8.
    Level 10:
       A fountain, a sink.
       Final resting place for
          pugman-Bar-Hum-Mal-Neu, killed by a winter wolf cub, while frozen by a floating eye's gaze.
    Level 11:
    Level 12:
       Many fountains.
       A very big room.
    Level 13:
       An altar, a fountain.
    Level 14:
       A grave.
       Portal to The Quest.
    Level 15:
       A primitive area.
    Level 16:
       A grave.
    Level 17:
       A fountain.
    Level 18:
       Many graves.
       Portal to Fort Ludios.
    Level 19:
    Level 20:
    Level 21: "+4 speed boots here"
    Level 22:
       A fountain, a sink, many graves.
    Level 23:
       A temple and an altar to Mars.
    Level 24:
    Level 25:
       A fountain, many trees.
    Level 26:
       The castle (play 5-note tune to open or close drawbridge).
       Connection to Gehennom.
 Gehennom: levels 27 to 48
    Level 27:
       A temple and an altar, many graves.
       Valley of the Dead.
    Level 28:
    Level 29:
    Level 30:
    Level 31:
    Level 32:
    Level 33:
    Level 34:
    Level 35:
    Level 36:
       Some shops, an altar, a grave.
       Stairs up to Vlad's Tower, level 35.
    Level 37:
    Level 38:
    Level 39:
    Level 40:
    Level 41:
       A temple and an altar.
    Level 42:
    Level 43:
    Level 44:
    Level 45:
    Level 46:
    Level 47:
       A temple and an altar.
    Level 48:
       A temple and an altar, many graves.
       Moloch's Sanctum.
 The Gnomish Mines: levels 5 to 12
    Level 5:
    Level 6: "cursed magic boots, maybe fumb"
    Level 7: "STASH IN CLOSET"
       Many shops, a temple and an altar, many fountains, a grave.
       Final resting place for
          magnolian-Val-Hum-Fem-Law, killed by a Woodland-elf.
    Level 8:
    Level 9:
       Final resting place for
          npexception-Val-Hum-Fem-Law, killed by a mumak.
    Level 10:
    Level 11:
    Level 12:
 The Quest: levels 1 to 6
    Level 1:
       Many trees.
       Completed quest for Orion.
    Level 2:
       Many trees.
    Level 3:
    Level 4:
    Level 5:
    Level 6:
 Sokoban: levels 8 up to 5
    Level 5:
       Solved.
    Level 6:
       Solved.
    Level 7:
       Solved.
    Level 8:
       Solved.
 Fort Ludios:
    Level 1: "werebane is here"
 Vlad's Tower: levels 35 up to 33
    Level 33:
       A throne.
    Level 34:
    Level 35:


Vanquished creatures:
    Asmodeus
    Baalzebub
    Orcus
  2 erinyes
    Juiblex
the Wizard of Yendor (thrice)
    Death (twice)
    Pestilence (twice)
    Famine (thrice)
    Vlad the Impaler
  a high cleric
  2 mastodons
    Medusa
    Croesus
 13 krakens
  3 iron golems
  a ki-rin
  2 storm giants
  2 glass golems
  4 balrogs
  4 purple worms
  3 gray dragons
  5 silver dragons
 12 red dragons
  a white dragon
  2 orange dragons
  a black dragon
  4 blue dragons
  6 green dragons
  2 yellow dragons
 28 minotaurs
  3 jabberwocks
    Scorpius
  5 baluchitheria
  6 Angels
  a stone golem
  a master mind flayer
 an Olog-hai
  2 Nazgul
  5 pit fiends
  6 hell hounds
  3 displacer beasts
  2 titanotheres
  2 trappers
  4 baby red dragons
  a guardian naga
  4 genetic engineers
  a disenchanter
 26 vampire leaders
  5 skeletons
 10 aligned clerics
  3 captains
  6 shades
  9 nurses
  7 ice devils
  7 nalfeshnees
  a lurker above
  2 Aleaxes
  2 frost giants
  4 ettins
  2 golden nagas
  5 black puddings
 31 vampires
  8 lieutenants
 54 ghosts
  2 queen bees
  2 winged gargoyles
  8 giant mimics
  4 long worms
  7 zruties
  a fire giant
  3 ogre tyrants
  8 ice trolls
  4 rock trolls
  8 flesh golems
  2 elven monarchs
  2 doppelgangers
  5 hezrous
 15 bone devils
 11 large mimics
  3 wumpuses
  6 fire vortices
  a couatl
  6 stalkers
  5 air elementals
  7 fire elementals
  9 earth elementals
  9 water elementals
  3 giant mummies
  3 black nagas
  6 xorns
 26 giant zombies
  2 elf-nobles
 25 sergeants
  2 barbed devils
  4 vrocks
  5 salamanders
 11 wargs
  2 winter wolves
  8 hell hound pups
 15 small mimics
  a glass piercer
  4 warhorses
  9 steam vortices
  6 xans
  3 ettin mummies
  7 quantum mechanics
 43 trolls
  5 wood golems
  6 mariliths
  9 sharks
  8 electric eels
  7 gelatinous cubes
  8 pyrolisks
  6 large dogs
  a freezing sphere
 10 flaming spheres
  3 shocking spheres
  a large cat
  6 tigers
  3 gargoyles
  3 dwarf rulers
 10 tengu
 10 ochre jellies
  7 leocrottas
  2 energy vortices
 30 mountain centaurs
  8 stone giants
  3 elf mummies
  3 human mummies
  a red naga
  4 green slimes
  3 pythons
  2 pit vipers
  5 cobras
 86 wraiths
  3 carnivorous apes
 20 ettin zombies
  2 leather golems
113 soldiers
  a watchman
 13 amorous demons
  6 horned devils
  5 chameleons
  3 crocodiles
 34 giant beetles
  5 quivering blobs
 11 cockatrices
 16 wolves
  4 winter wolf cubs
  a lynx
  3 panthers
  7 gremlins
  8 leprechauns
  5 orc-captains
  2 iron piercers
  5 mumakil
 20 giant spiders
 32 scorpions
  8 horses
  2 ice vortices
  9 black lights
  7 vampire bats
 43 forest centaurs
  9 gnome rulers
  3 orc mummies
  2 dwarf mummies
  3 ogres
  5 rust monsters
  7 owlbears
  3 yetis
  3 gold golems
  2 werewolves
  7 piranha
 22 giant eels
 12 lizards
  a chickatrice
  3 dingoes
  5 dogs
  7 housecats
  9 jaguars
  3 dwarf leaders
  2 blue jellies
  5 white unicorns
  3 gray unicorns
  2 black unicorns
  5 dust vortices
 33 ravens
 22 plains centaurs
 11 snakes
  6 apes
 20 human zombies
  2 rope golems
 30 soldier ants
 25 fire ants
 19 bugbears
 an imp
  3 lemures
  6 wood nymphs
 13 water nymphs
  7 mountain nymphs
  2 Mordor orcs
 10 Uruk-hai
  3 orc shamans
  8 rock piercers
  3 rock moles
  8 ponies
 14 fog clouds
  3 yellow lights
  4 shriekers
  4 violet fungi
 18 gnome leaders
 13 gnomish wizards
  6 kobold mummies
  a guardian naga hatchling
  6 gray oozes
  2 barrow wights
 15 elf zombies
 17 ghouls
  2 straw golems
  a paper golem
  5 jellyfish
 44 giant ants
  a little dog
  7 floating eyes
  4 kittens
 22 dwarves
  a homunculus
  4 kobold leaders
  2 kobold shamans
 19 hill orcs
 20 rothes
  3 rabid rats
  4 centipedes
  9 giant bats
  3 monkeys
 14 orc zombies
 18 dwarf zombies
  2 werejackals
 12 iguanas
 72 killer bees
  5 acid blobs
  2 gas spores
  9 hobbits
 11 manes
  2 large kobolds
 22 hobgoblins
 10 giant rats
 14 cave spiders
  3 brown molds
  5 yellow molds
  a green mold
 62 gnomes
  4 garter snakes
 15 gnome zombies
  4 geckos
  8 jackals
  a fox
  a kobold
  5 goblins
  7 grid bugs
  2 bats
  7 lichens
 17 kobold zombies
 11 newts
2251 creatures vanquished.

Genocided or extinct species:
 erinyes (extinct)
 arch-liches
 krakens
 master liches
 demiliches
 master mind flayers
 disenchanters
 liches
 mind flayers
 sharks
 electric eels
 dwarf rulers
 rust monsters
 piranha
 giant eels
 dwarf leaders
 bugbears
 jellyfish
 dwarves
 hobbits
19 species genocided.
1 species extinct.

Goodbye BaeHund the Demigoddess...

You went to your reward with 2853410 points,
The Longbow of Diana (worth 4000 zorkmids and 10000 points)
Werebane (worth 1500 zorkmids and 3750 points)
Sting (worth 800 zorkmids and 2000 points)
The Book of the Dead (worth 10000 zorkmids and 25000 points)
Grayswandir (worth 8000 zorkmids and 20000 points)
The Candelabrum of Invocation (worth 5000 zorkmids and 12500 points)
The Bell of Opening (worth 5000 zorkmids and 12500 points)
       2 amulets of life saving (worth 300 zorkmids),
and 100002 pieces of gold, after 38786 moves.
You were level 30 with a maximum of 395 hit points when you ascended.

